 Dungeon Crawl Stone Soup version 0.22.1-1-ga44c0e56f4 (webtiles) character file.

1474 KleinerIrrer the Shield-Bearer (level 9, 0/64 HPs)
             Began as a Formicid Fighter on Oct 28, 2018.
             Succumbed to a killer bee's poison
             ... on level 7 of the Dungeon.
             The game lasted 00:12:09 (6405 turns).

KleinerIrrer the Shield-Bearer (Formicid Fighter)   Turns: 6405, Time: 00:12:10

Health: 0/64       AC: 17    Str: 25    XL:     9   Next: 6%
Magic:  9/9        EV: 11    Int: 15    God:
Gold:   253        SH: 12    Dex: 15    Spells: 8/8 levels left

rFire    + . .     SeeInvis +   a - +1 war axe
rCold    . . .     Gourm    .   c - +0 shield
rNeg     . . .     Faith    .   u - +0 plate armour
rPois    .         Spirit   .   (helmet unavailable)
rElec    .         Reflect  .   (no cloak)
rCorr    .         Harm     .   x - +2 pair of gloves
MR       .....                  t - +0 pair of boots
Stlth    ..........             (no amulet)
HPRegen  0.20/turn              b - +3 ring of strength
MPRegen  0.11/turn              w - ring of protection from fire

@: brilliant, agile, lethally poisoned (0 -> -7)
A: permanent stasis, dig shafts and tunnels, four strong arms, antennae 3
a: Dig, Shaft Self


You were on level 7 of the Dungeon.
You were not hungry.

You visited 1 branch of the dungeon, and saw 7 of its levels.

You collected 253 gold pieces.

Inventory:

Hand Weapons
 a - a +1 war axe (weapon)
 q - a +0 hand axe of chopping
Missiles
 i - 7 javelins (quivered)
 r - 34 poisoned needles
Armour
 c - a +0 shield (worn)
 t - a +0 pair of boots (worn)
 u - a +0 plate armour (worn)
 x - a +2 pair of gloves (worn)
Jewellery
 b - a +3 ring of strength (left hand)
 w - a ring of protection from fire (right hand)
 z - an uncursed amulet of magic regeneration {unknown}
Wands
 h - a wand of polymorph (17)
Scrolls
 d - a scroll of enchant armour
 e - a scroll of enchant weapon
 j - a scroll of teleportation
 k - 3 scrolls of remove curse
 p - 2 scrolls of immolation
 v - 2 scrolls of identify
Potions
 g - a potion of flight
 n - a potion of curing
Comestibles
 f - 11 rations


   Skills:
 - Level 3.2 Fighting
 + Level 7.5 Axes
 * Level 6.6 Armour
 * Level 7.7 Shields


You had 8 spell levels left.
You didn't know any spells.
Your spell library was empty.

Dungeon Overview and Level Annotations

Branches:
Dungeon (7/15)             Temple (0/1) D:6

Altars:
Cheibriados
Dithmenos
Elyvilon
Kikubaaqudgha
Sif Muna
Uskayaw
Xom


Innate Abilities, Weirdness & Mutations

You cannot be hasted, slowed, berserked, paralysed or teleported.
You can dig through walls and to a lower floor.
Your four strong arms can wield two-handed weapons with a shield.
You have a pair of large antennae on your head. (SInv)


Message History

The killer bee poisons you!
You hit the killer bee.
The killer bee is lightly wounded.
* * * LOW HITPOINT WARNING * * *
You feel sick. You block the killer bee's attack.
The killer bee barely misses you.
You miss the killer bee.
The killer bee is lightly wounded.
* * * LOW HITPOINT WARNING * * *
You feel sick. The killer bee closely misses you.
You block the killer bee's attack. x2
You hit the killer bee.
The killer bee is moderately wounded.
* * * LOW HITPOINT WARNING * * *
You feel sick. The killer bee stings you.
* * * LOW HITPOINT WARNING * * *
The killer bee barely misses you.
Your shield and plate armour prevent you from hitting the killer bee.
The killer bee is moderately wounded.
You die...

###.######## ....#
####......... ..#.#
.......###### #.#.#
######.#########.#.#
# #.##..........# {
# #.##..........#
######.##..........#
.......##...####y#.#
#####..#.....# #@# +
..#..#.###.# #.#
###.#..#...#.# #?#
.<#.#..#...#.# #.#
.......#...#.# #.#
..#.#.##...#.# ..#
#.#.#.##...#.# ###
..#......###.#
###..........#


You could see a killer bee.

Vanquished Creatures
  An orc warrior (D:6)
  An ogre (D:6)
  2 ice beasts
  A scorpion (D:4)
  4 killer bees (D:7)
  2 crimson imps
  A bullfrog zombie (D:6)
  3 orc priests
  A centaur skeleton (D:4)
  3 hounds
  6 orc wizards
  3 iguanas
  2 worker ants (D:4)
  A hound skeleton (D:5)
  A worker ant zombie (D:6)
  4 gnolls
  7 adders
  2 oozes
  An adder skeleton (D:6)
  2 worms
  3 dart slugs
  7 leopard geckos
  27 orcs
  11 bats
  10 giant cockroaches
  4 goblins
  5 hobgoblins
  3 jackals (D:3)
  5 kobolds
  3 quokkas
  3 ball pythons
  9 frilled lizards
  A jackal zombie (D:6)
  A leopard gecko skeleton (D:4)
  5 rats
145 creatures vanquished.

Notes
Turn   | Place    | Note
-------+----------+-------------------------------------------
     0 | D:1      | KleinerIrrer the Formicid Fighter began the quest for the
                  | Orb.
     0 | D:1      | Reached XP level 1. HP: 18/18 MP: 1/1
   294 | D:1      | Reached XP level 2. HP: 24/24 MP: 2/2
   719 | D:1      | Reached XP level 3. HP: 29/29 MP: 3/3
  1205 | D:2      | Reached XP level 4. HP: 34/35 MP: 4/4
  1462 | D:2      | Found an ancient bone altar of Kikubaaqudgha.
  1904 | D:3      | Found a shimmering altar of Xom.
  2055 | D:2      | Reached XP level 5. HP: 19/41 MP: 5/5
  2497 | D:3      | Reached skill level 5 in Shields
  2690 | D:4      | Reached XP level 6. HP: 47/47 MP: 6/6
  2863 | D:4      | Found a shadowy altar of Dithmenos.
  2936 | D:4      | HP: 1/47 [orc priest/nerve-wracking pain (12)]
  2940 | D:4      | Reached skill level 5 in Axes
  3295 | D:4      | Reached XP level 7. HP: 44/52 MP: 7/7
  3751 | D:5      | Entered Level 5 of the Dungeon
  3803 | D:5      | Reached skill level 5 in Armour
  3863 | D:5      | Noticed an enchanted dagger
  3864 | D:5      | Found a hide-covered altar of Uskayaw.
  3864 | D:5      | Noticed an enchanted dagger
  4140 | D:5      | Found a deep blue altar of Sif Muna.
  4690 | D:6      | Reached XP level 8. HP: 42/58 MP: 8/8
  5137 | D:6      | Found a staircase to the Ecumenical Temple.
  5260 | D:6      | Found a snail-covered altar of Cheibriados.
  5304 | D:6      | Found a white marble altar of Elyvilon.
  6369 | D:7      | Reached XP level 9. HP: 20/64 MP: 9/9
  6404 | D:7      | HP: 1/64 [killer bee (6)]
  6405 | D:7      | Succumbed to a killer bee's poison

Skill      XL: |  1  2  3  4  5  6  7  8 |
---------------+-------------------------+-----
Shields        | 4 5 6 7 |  7.7
Armour         | 4 5 6 |  6.6
Axes           | 3 4 5 6 7 |  7.5
Fighting       | |  3.2

Action                   |  1- 3 |  4- 6 |  7- 9 || total
-------------------------+-------+-------+-------++-------
Melee: War axe           |    71 |   180 |   326 ||   577
       Hand axe          |       |    17 |       ||    17
 Abil: Dig               |       |     2 |     3 ||     5
  Use: Scroll            |       |     4 |     6 ||    10
       Potion            |       |     1 |     6 ||     7
  Eat: Chunk             |     1 |     7 |    12 ||    20
Armor: Scale mail        |    26 |    87 |     3 ||   116
       Plate armour      |       |       |   173 ||   173
Dodge: Dodged            |    20 |    77 |    73 ||   170
Block: Shield            |    38 |   115 |   179 ||   332
